Map: Newkirk Precinct TE (Void)

Players

tardwrangler - Winner!

  • Race: Terran Terran
  • League: Gold
  • Spawn Location: 5:00

fropez

  • Race: Protoss Protoss
  • League: Gold
  • Spawn Location: 7:00

VOD

Have the link to the VOD?

Description

Time

  • Played on: Dec. 13, 2016, 9:41 p.m.
  • Length: 11:40
Show
View Real Time Build Order
Export as new Build Order

tardwrangler Terran - Winner!

Build Orders:  

Get SALT Encoding   

  12  0:02  SCV  
  13  0:19  SCV, Supply Depot  
  14  0:31  SCV  
  15  0:49  Barracks  
  15  0:51  SCV  
  15  0:54  Refinery  
  16  1:03  SCV  
  17  1:05  Supply Depot  
  17  1:15  SCV  
  18  1:27  SCV  
  19  1:36  Refinery  
  19  1:39  Orbital Command  
  19  1:40  Barracks Reactor  
  19  2:13  SCV  
  20  2:16  Marine x2  
  22  2:24  Command Center  
  22  2:25  SCV  
  23  2:37  SCV  
  23  2:42  Factory  
  24  2:46  Marine x2  
  26  2:55  SCV  
  27  3:04  Marine x2  
  29  3:07  SCV  
  30  3:14  Supply Depot  
  30  3:38  Orbital Command  
  30  3:39  Supply Depot  
  30  3:49  Supply Depot  
  30  3:50  SCV  
  30  3:53  Supply Depot  
  31  4:01  Barracks Reactor, Starport  
  31  4:02  Supply Depot  
  31  4:03  SCV  
  32  4:11  Supply Depot  
  32  4:13  SCV  
  32  4:15  SCV  
  34  4:25  SCV  
  34  4:27  SCV  
  36  4:36  Bunker  
  36  4:38  SCV  
  36  4:39  SCV  
  38  4:47  Cyclone x2  
  38  4:49  Starport Tech Lab  
  38  4:52  Marine x2  
  45  4:56  Refinery x2  
  45  4:57  SCV x2  
  48  5:02  Supply Depot  
  48  5:08  Banshee  
  48  5:09  SCV  
  48  5:10  SCV  
  48  5:14  Marine x2  
  53  5:19  Cyclone  
  53  5:21  Cyclone  
  61  5:29  Engineering Bay  
  61  5:39  SCV x2  
  63  5:48  Marine  
  63  5:49  Marine  
  65  5:51  SCV x2, Banshee, Cyclone  
  73  6:14  Cyclone  
  73  6:16  Marine  
  73  6:17  Marine  
  73  6:18  SCV x2  
  80  6:30  SCV x2  
  82  6:34  Banshee  
  84  6:40  Missile Turret  
  87  7:00  Cyclone x2  
  87  7:01  Marine x2, Factory, Missile Turret  
  92  7:11  SCV x2  
  92  7:13  Terran Infantry Weapons Level 1  
  94  7:19  Marine x2  
  96  7:23  SCV x2  
  96  7:24  Banshee  
  96  7:25  Missile Turret  
  100  7:49  Armory  
  100  7:52  Factory Tech Lab  
  100  7:54  Command Center  
  93  8:17  Siege Tank  
  93  8:18  Cyclone x2  
  102  8:27  Supply Depot  
  102  8:33  Armory  
  102  8:48  Marine x2, Banshee  
  102  8:49  Siege Tank, Supply Depot, Terran Vehicle Weapons Level 1  
  110  9:06  Marine x2, SCV x2  
  114  9:11  Supply Depot  
  114  9:18  SCV x2  
  116  9:24  Marine x2  
  116  9:28  Siege Tank  
  121  9:31  Banshee, Factory  
  121  9:33  Terran Vehicle And Ship Armor Level 1  
  121  9:37  Orbital Command  
  124  9:49  SCV x2  
  126  10:00  Thor  
  126  10:01  SCV x2, Cyclone x2  
  126  10:02  Marine  
  141  10:15  Supply Depot  
  141  10:32  Banshee  
  141  10:36  Marine  
  141  10:37  Supply Depot  
  125  11:00  Supply Depot  
  122  11:05  Cyclone x2  
Show
View Real Time Build Order
Export as new Build Order

fropez Protoss 

Build Orders: 1 Gate Expand, Blink Stalkers 

Get SALT Encoding   

  12  0:01  Probe (Chrono Boost)  
  13  0:12  Probe (Chrono Boost)  
  14  0:20  Pylon  
  14  0:23  Probe (Chrono Boost)  
  15  0:38  Probe (Chrono Boost)  
  15  0:39  Gateway  
  16  0:49  Probe (Chrono Boost)  
  17  0:51  Assimilator  
  17  0:59  Probe (Chrono Boost)  
  18  1:10  Probe (Chrono Boost)  
  19  1:23  Nexus  
  19  1:29  Probe (Chrono Boost)  
  20  1:38  Cybernetics Core  
  20  1:42  Probe (Chrono Boost)  
  21  1:48  Pylon  
  21  1:52  Probe (Chrono Boost)  
  22  2:03  Probe (Chrono Boost)  
  22  2:04  Assimilator  
  23  2:10  Warp Gate  
  23  2:13  Probe (Chrono Boost)  
  24  2:19  Stalker  
  26  2:32  Probe (Chrono Boost), Assimilator  
  26  2:36  Probe (Chrono Boost), Assimilator  
  28  2:45  Probe (Chrono Boost)  
  28  2:50  Mothership Core (Chrono Boost)  
  30  2:54  Stalker  
  30  2:57  Probe (Chrono Boost)  
  33  3:08  Probe (Chrono Boost)  
  33  3:09  Probe (Chrono Boost)  
  36  3:21  Twilight Council, Probe x2 (Chrono Boost)  
  37  3:31  Probe (Chrono Boost)  
  37  3:33  Probe (Chrono Boost)  
  39  3:42  Probe (Chrono Boost), Blink  
  39  3:45  Pylon, Probe (Chrono Boost)  
  41  3:55  Gateway  
  41  3:58  Gateway  
  41  4:08  Probe (Chrono Boost)  
  41  4:09  Probe (Chrono Boost)  
  43  4:13  Stalker  
  45  4:19  Probe (Chrono Boost)  
  46  4:35  Probe x2 (Chrono Boost)  
  48  4:47  Probe (Chrono Boost)  
  49  4:54  Stalker x2  
  49  4:55  Gateway  
  53  5:00  Pylon  
  53  5:02  Forge  
  53  5:11  Probe (Chrono Boost)  
  54  5:16  Pylon  
  54  5:17  Pylon  
  54  5:18  Pylon, Probe (Chrono Boost)  
  55  5:23  Probe (Chrono Boost)  
  55  5:25  Pylon  
  56  5:29  Probe (Chrono Boost)  
  56  5:31  Stalker x2  
  61  5:37  Protoss Ground Weapons Level 1  
  61  5:38  Gateway  
  61  5:40  Probe (Chrono Boost)  
  61  5:42  Gateway  
  62  5:47  Robotics Facility  
  62  5:53  Stalker  
  62  5:56  Stalker x2  
  68  6:02  Probe (Chrono Boost)  
  68  6:03  Probe (Chrono Boost)  
  68  6:12  Probe (Chrono Boost)  
  68  6:13  Stalker  
  68  6:16  Probe (Chrono Boost)  
  72  6:24  Adept  
  74  6:30  Nexus  
  74  6:33  Pylon  
  74  6:38  Adept  
  76  6:46  Probe x2 (Chrono Boost)  
  76  6:47  Observer  
  76  6:53  Stalker x4  
  85  7:00  Pylon  
  85  7:02  Pylon, Resonating Glaives  
  85  7:06  Probe (Chrono Boost)  
  85  7:07  Probe (Chrono Boost), Photon Cannon  
  85  7:08  Photon Cannon  
  87  7:12  Adept  
  89  7:19  Observer  
  90  7:27  Adept x3  
  90  7:28  Adept  
  100  7:30  Probe x2 (Chrono Boost)  
  100  7:43  Adept  
  100  7:53  Stalker x4  
  97  8:18  Probe x2 (Chrono Boost)  
  97  8:19  Probe (Chrono Boost)  
  98  8:27  Pylon  
  98  8:28  Adept  
  98  8:29  Adept x3  
  98  8:30  Probe x2 (Chrono Boost)  
  98  8:32  Photon Cannon  
  108  8:34  Protoss Ground Weapons Level 2  
  108  8:38  Probe (Chrono Boost)  
  110  8:42  Probe (Chrono Boost)  
  110  8:45  Probe (Chrono Boost), Assimilator  
  111  8:49  Probe (Chrono Boost), Assimilator  
  111  8:51  Pylon, Observer  
  115  9:03  Probe x2 (Chrono Boost)  
  115  9:05  Stalker x5  
  115  9:07  Warp Prism, Probe (Chrono Boost)  
  126  9:22  Pylon  
  126  9:25  Pylon  
  126  9:31  Photon Cannon  
  126  9:33  Photon Cannon  
  126  9:36  Pylon  
  126  9:42  Photon Cannon  
  126  9:44  Pylon  
  126  9:46  Pylon  
  126  9:47  Pylon  
  126  9:53  Adept x3  
  126  9:54  Adept x2  
  126  9:56  Pylon  
  136  10:16  Adept x2  
  136  10:17  Adept x3  
  146  10:27  Dark Shrine  
  146  10:32  Gateway  
  146  10:34  Gateway  
  138  10:37  Gateway  
  138  10:41  Pylon, Stalker x3  
  138  10:42  Stalker x2  
  134  10:45  Photon Cannon  
  126  10:57  Pylon  
  126  10:59  Pylon  
  126  11:03  Pylon  
  112  11:09  Stalker x2  
  112  11:10  Stalker x3  
  120  11:21  Photon Cannon  
  120  11:25  Photon Cannon  
Tags
 
Add a new tag
Caveats
  • Supply blocks, unpowered buildings, or Contaminate may cause inaccurate times.
  • Supply counts are checked every 10 seconds.